General information
- name: BNet
- type: Ladder team game (AT/RT)
- host: Battle.net
- saver: pro-kid.of-wort
map: FullScaleAssault
- players: 8
- length: 37:56
- speed: Fast
- version: 1.26 W3XP
- replay type: Public
» download(235 KB)
Players
team 1 (winner)
lucasbraos (
pink | 65 APM | 2461 actions | 37:56)
7 Mountain King
3 Storm Bolt
3 Bash
1 Avatar
5 Paladin
3 Holy Light
1 Devotion Aura
1 Divine Shield
» actions
| Assign group hotkey | 25 | |
| Basic commands | 21 | |
| Build / train | 106 | |
| Enter build submenu | 23 | |
| Enter hero's abilities submenu | 12 | |
| Give item / drop item | 3 | |
| Remove unit from queue | 1 | |
| Right click | 1293 | |
| Select / deselect | 402 | |
| Select group hotkey | 454 | |
| Use ability | 121 | |
2461 total
» units
| Peasant | 13 | |
| Footman | 6 | |
| Priest | 14 | |
| Knight | 6 | |
| Blue Drake | 1 | |
| Wind Rider | 8 | |
| Tauren | 1 | |
49 total
» upgrades
| Defend | 1 | |
| Priest Training | 2 | |
| Swords | 2 | |
| Plating | 2 | |
| Animal War Training | 1 | |
| Pulverize | 1 | |
9 total
» buildings
| Altar of Kings | 2 | |
| Farm | 10 | |
| Barracks | 2 | |
| Scout Tower | 1 | |
| Keep | 2 | |
| Arcane Vault | 1 | |
| Lumber Mill | 1 | |
| Blacksmith | 1 | |
| Arcane Sanctum | 1 | |
| Castle | 2 | |
| Town Hall | 3 | |
26 total
» build order
00:39 Altar of Kings
00:47 Farm
00:53 Barracks
01:03 Farm
01:39 Farm
01:56 Farm
02:20 Scout Tower
02:40 Farm
03:04 Keep
03:14 Arcane Vault
04:14 Lumber Mill
05:00 Farm
05:06 Blacksmith
05:36 Arcane Sanctum
06:21 Castle
07:31 Town Hall
08:17 Farm
08:18 Farm
08:23 Barracks
12:22 Farm
12:24 Farm
25:49 Altar of Kings
26:19 Town Hall
26:35 Town Hall
» items
| Scroll of Regeneration | 2 | |
| Lesser Clarity Potion | 3 | |
| Circlet of Nobility | 4 | |
| Scroll of Town Portal | 1 | |
| Orb of Venom | 2 | |
12 total

»
Mr.Green (
red | 74 APM | 2793 actions | 37:56)
8 Death Knight
3 Death Coil
3 Unholy Aura
1 Animate Dead
1 Death Pact
7 Crypt Lord
2 Impale
3 Carrion Beetles
1 Locust Swarm
1 Spiked Carapace
6 Lich
3 Frost Nova
2 Frost Armor
1 Death and Decay
3 Blademaster
2 Wind Walk
1 Mirror Image
» actions
| Assign group hotkey | 42 | |
| Basic commands | 257 | |
| Build / train | 103 | |
| Enter build submenu | 27 | |
| Enter hero's abilities submenu | 24 | |
| Give item / drop item | 8 | |
| Remove unit from queue | 4 | |
| Right click | 1172 | |
| Select / deselect | 351 | |
| Select group hotkey | 661 | |
| Use ability | 144 | |
2793 total
» units
| Acolyte | 13 | |
| Ghoul | 4 | |
| Crypt Fiend | 13 | |
| Obsidian Statue | 6 | |
| Frost Wyrm | 2 | |
| Tauren | 1 | |
| Shaman | 3 | |
| Wind Rider | 1 | |
43 total
» upgrades
| Web | 1 | |
| Creature Attack | 3 | |
| Creature Carapace | 4 | |
| Destroyer Form | 1 | |
| Melee Weapons | 2 | |
| Shaman Training | 2 | |
13 total
» buildings
| Graveyard | 1 | |
| Crypt | 1 | |
| Altar of Darkness | 1 | |
| Ziggurat | 11 | |
| Tomb of Relics | 1 | |
| Halls of the Dead | 3 | |
| Black Citadel | 1 | |
| Slaughterhouse | 1 | |
| Sacrificial Pit | 1 | |
| Boneyard | 2 | |
| Spirit Tower | 2 | |
| Necropolis | 1 | |
| Tauren Totem | 2 | |
| Spirit Lodge | 1 | |
29 total
» build order
00:16 Graveyard
00:19 Crypt
00:30 Altar of Darkness
00:39 Ziggurat
00:56 Tomb of Relics
01:15 Ziggurat
03:04 Ziggurat
04:04 Halls of the Dead
04:04 Halls of the Dead
06:40 Ziggurat
07:34 Black Citadel
08:05 Ziggurat
09:01 Slaughterhouse
10:16 Sacrificial Pit
10:20 Ziggurat
10:21 Ziggurat
18:15 Boneyard
18:20 Boneyard
21:07 Spirit Tower
21:09 Spirit Tower
24:42 Necropolis
25:56 Tauren Totem
25:57 Tauren Totem
26:02 Spirit Lodge
27:28 Ziggurat
27:29 Ziggurat
27:31 Ziggurat
27:32 Ziggurat
» items
| Rod of Necromancy | 1 | |
| Scroll of Town Portal | 5 | |
| Orb of Corruption | 1 | |
| Lesser Clarity Potion | 3 | |
10 total

»
pro-kid.of-wort (
yellow | 62 APM | 2335 actions | 37:56)
8 Keeper of the Grove
3 Entangling Roots
3 Thorns Aura
1 Tranquility
1 Force of Nature
» actions
| Assign group hotkey | 28 | |
| Basic commands | 22 | |
| Build / train | 110 | |
| Enter build submenu | 46 | |
| Enter hero's abilities submenu | 8 | |
| Give item / drop item | 2 | |
| Right click | 1070 | |
| Select / deselect | 241 | |
| Select group hotkey | 657 | |
| Use ability | 151 | |
2335 total
» units
| Wisp | 66 | |
| Huntress | 3 | |
| Goblin Shredder | 1 | |
| Goblin Sapper | 2 | |
| Chimaera | 4 | |
76 total
» upgrades
| Ultravision | 1 | |
| Strength of the Wild | 3 | |
| Nature's Blessing | 1 | |
| Corrosive Breath | 1 | |
| Well Spring | 1 | |
7 total
» buildings
| Moon Well | 12 | |
| Altar of Elders | 1 | |
| Hunter's Hall | 1 | |
| Ancient of War | 1 | |
| Tree of Life | 3 | |
| Ancient Protector | 49 | |
| Tree of Ages | 2 | |
| Ancient of Wonders | 3 | |
| Tree of Eternity | 2 | |
| Ancient of Wind | 2 | |
| Chimaera Roost | 5 | |
81 total
» build order
00:11 Moon Well
00:29 Altar of Elders
01:12 Hunter's Hall
01:42 Ancient of War
01:56 Moon Well
02:27 Moon Well
04:51 Tree of Life
05:34 Ancient Protector
05:34 Ancient Protector
05:35 Ancient Protector
05:36 Ancient Protector
05:37 Ancient Protector
05:37 Ancient Protector
05:53 Ancient Protector
05:59 Ancient Protector
08:52 Ancient Protector
08:54 Ancient Protector
09:05 Ancient Protector
09:07 Tree of Ages
10:06 Ancient Protector
10:06 Ancient Protector
10:07 Ancient Protector
10:07 Ancient Protector
10:17 Ancient Protector
10:17 Ancient Protector
10:21 Ancient Protector
10:22 Ancient Protector
10:28 Ancient of Wonders
10:31 Ancient Protector
11:13 Ancient Protector
11:35 Ancient Protector
11:37 Ancient Protector
11:39 Ancient Protector
12:21 Tree of Life
12:35 Ancient Protector
13:33 Ancient Protector
13:34 Ancient Protector
13:45 Ancient Protector
13:48 Ancient Protector
14:14 Tree of Eternity
14:37 Ancient Protector
14:37 Ancient Protector
17:01 Ancient Protector
17:01 Ancient Protector
17:02 Ancient Protector
17:46 Ancient of Wind
20:28 Ancient of Wonders
24:22 Tree of Ages
26:51 Tree of Eternity
26:59 Ancient of Wind
27:01 Moon Well
27:02 Moon Well
27:12 Chimaera Roost
27:18 Chimaera Roost
27:22 Chimaera Roost
27:24 Chimaera Roost
27:25 Chimaera Roost
27:27 Moon Well
27:28 Moon Well
29:26 Moon Well
29:26 Moon Well
29:27 Moon Well
29:27 Moon Well
29:54 Ancient Protector
29:55 Ancient Protector
29:56 Ancient Protector
29:56 Ancient Protector
29:57 Ancient Protector
29:57 Ancient Protector
29:58 Ancient Protector
29:59 Ancient Protector
29:59 Ancient Protector
33:24 Ancient of Wonders
33:33 Ancient Protector
37:09 Tree of Life
» items
| Staff of Teleportation | 1 | |
| Potion of Lesser Invulnerability | 2 | |
| Potion of Invisibility | 2 | |
| Scroll of Healing | 1 | |
| Boots of Speed | 1 | |
| Scroll of Town Portal | 4 | |
| Potion of Mana | 1 | |
| Orb of Venom | 1 | |
| Potion of Healing | 1 | |
14 total
SATANandGOD4EVR (
green | 28 APM | 642 actions | 22:38)
6 Blademaster
1 Wind Walk
3 Critical Strike
1 Mirror Image
1 Bladestorm
» actions
| Assign group hotkey | 9 | |
| Build / train | 53 | |
| Enter build submenu | 19 | |
| Enter hero's abilities submenu | 6 | |
| Give item / drop item | 2 | |
| Right click | 295 | |
| Select / deselect | 194 | |
| Select group hotkey | 17 | |
| Use ability | 46 | |
642 total
» units
» upgrades
| Ranged Weapons | 3 | |
| Armor | 3 | |
| Reinforced Defenses | 1 | |
| Envenomed Spears | 1 | |
8 total
» buildings
| Altar of Storms | 1 | |
| Orc Burrow | 7 | |
| War Mill | 1 | |
| Barracks | 1 | |
| Stronghold | 1 | |
| Voodoo Lounge | 1 | |
| Watch Tower | 4 | |
| Beastiary | 2 | |
| Fortress | 2 | |
20 total
» build order
00:52 Altar of Storms
01:09 Orc Burrow
01:23 War Mill
01:44 Orc Burrow
02:01 Barracks
02:49 Orc Burrow
03:51 Orc Burrow
04:01 Stronghold
05:09 Voodoo Lounge
05:18 Watch Tower
06:29 Beastiary
06:35 Beastiary
06:49 Fortress
06:50 Fortress
07:39 Watch Tower
08:49 Orc Burrow
08:56 Orc Burrow
11:40 Watch Tower
13:54 Orc Burrow
14:26 Watch Tower
» items
| Healing Salve | 1 | |
| Lesser Clarity Potion | 1 | |
| Orb of Lightning | 2 | |
4 total
team 2 (loser)

»
fuddermucker (
teal | 42 APM | 768 actions | 18:17)
3 Mountain King
2 Storm Bolt
1 Bash
» actions
| Basic commands | 28 | |
| Build / train | 64 | |
| Enter build submenu | 34 | |
| Enter hero's abilities submenu | 3 | |
| Remove unit from queue | 1 | |
| Right click | 357 | |
| Select / deselect | 253 | |
| Use ability | 28 | |
768 total
» units
| Peasant | 14 | |
| Footman | 15 | |
| Knight | 10 | |
| Priest | 8 | |
47 total
» upgrades
| Swords | 2 | |
| Plating | 2 | |
| Priest Training | 1 | |
| Animal War Training | 1 | |
| Lumber Harvesting | 1 | |
7 total
» buildings
| Altar of Kings | 1 | |
| Farm | 12 | |
| Barracks | 2 | |
| Scout Tower | 3 | |
| Arcane Tower | 1 | |
| Keep | 1 | |
| Lumber Mill | 1 | |
| Guard Tower | 2 | |
| Arcane Vault | 1 | |
| Town Hall | 1 | |
| Blacksmith | 1 | |
| Castle | 1 | |
| Arcane Sanctum | 1 | |
28 total
» build order
00:11 Altar of Kings
00:29 Farm
00:48 Barracks
01:07 Farm
02:07 Scout Tower
03:14 Farm
03:18 Arcane Tower
03:47 Keep
03:56 Lumber Mill
04:03 Farm
04:21 Scout Tower
04:52 Scout Tower
05:11 Guard Tower
05:19 Arcane Vault
05:24 Guard Tower
05:28 Farm
06:08 Town Hall
06:17 Blacksmith
06:44 Castle
06:52 Barracks
07:23 Farm
08:21 Farm
09:09 Arcane Sanctum
11:01 Farm
13:33 Farm
14:16 Farm
15:08 Farm
15:43 Farm

»
Smoking[CrAb] (
purple | 45 APM | 1615 actions | 35:46)
8 Beastmaster
3 Summon Bear
3 Summon Quilbeast
1 Stampede
1 Summon Hawk
» actions
| Assign group hotkey | 31 | |
| Basic commands | 130 | |
| Build / train | 85 | |
| Enter build submenu | 11 | |
| Enter hero's abilities submenu | 8 | |
| Give item / drop item | 2 | |
| Right click | 526 | |
| Select / deselect | 349 | |
| Select group hotkey | 387 | |
| Use ability | 86 | |
1615 total
» units
| Wisp | 15 | |
| Archer | 6 | |
| Huntress | 4 | |
| Dryad | 8 | |
| Druid of the Talon | 17 | |
| Blue Dragon | 1 | |
51 total
» upgrades
| Moon Armor | 2 | |
| Strength of the Moon | 2 | |
| Reinforced Hides | 3 | |
| Strength of the Wild | 3 | |
| Abolish Magic | 1 | |
| Druid of the Talon Training | 2 | |
| Well Spring | 1 | |
| Mark of the Talon | 1 | |
15 total
» buildings
| Altar of Elders | 1 | |
| Moon Well | 9 | |
| Ancient of War | 1 | |
| Hunter's Hall | 1 | |
| Tree of Ages | 2 | |
| Ancient of Wonders | 1 | |
| Tree of Eternity | 1 | |
| Ancient of Wind | 1 | |
| Ancient of Lore | 2 | |
19 total
» build order
01:22 Altar of Elders
01:23 Moon Well
01:58 Ancient of War
02:01 Moon Well
02:51 Hunter's Hall
02:56 Moon Well
03:48 Moon Well
06:14 Tree of Ages
06:14 Tree of Ages
06:19 Ancient of Wonders
09:02 Tree of Eternity
11:51 Ancient of Wind
11:53 Ancient of Lore
11:53 Ancient of Lore
11:57 Moon Well
11:57 Moon Well
11:58 Moon Well
11:58 Moon Well
11:59 Moon Well
» items
| Circlet of Nobility | 1 | |
| Scroll of Town Portal | 3 | |
| Potion of Healing | 3 | |
7 total

»
hive01 (
blue | 35 APM | 1249 actions | 35:37)
9 Mountain King
3 Storm Bolt
3 Bash
1 Avatar
2 Thunder Clap
» actions
| Assign group hotkey | 50 | |
| Basic commands | 1 | |
| Build / train | 69 | |
| Enter build submenu | 26 | |
| Enter hero's abilities submenu | 9 | |
| Right click | 569 | |
| Select / deselect | 291 | |
| Select group hotkey | 101 | |
| Use ability | 133 | |
1249 total
» units
| Peasant | 18 | |
| Dragonhawk Rider | 29 | |
47 total
» upgrades
| Lumber Harvesting | 1 | |
| Swords | 3 | |
| Armor | 3 | |
| Cloud | 1 | |
8 total
» buildings
| Altar of Kings | 1 | |
| Farm | 14 | |
| Keep | 1 | |
| Lumber Mill | 1 | |
| Arcane Vault | 1 | |
| Gryphon Aviary | 3 | |
| Blacksmith | 1 | |
| Town Hall | 1 | |
| Castle | 1 | |
24 total
» build order
00:07 Altar of Kings
00:11 Farm
01:33 Keep
01:56 Lumber Mill
02:38 Arcane Vault
03:58 Gryphon Aviary
03:59 Gryphon Aviary
04:06 Farm
04:51 Farm
05:28 Farm
06:05 Farm
06:47 Farm
07:22 Blacksmith
07:24 Farm
08:42 Town Hall
10:22 Farm
11:20 Farm
14:49 Gryphon Aviary
17:46 Castle
20:56 Farm
22:59 Farm
24:45 Farm
25:42 Farm
25:47 Farm
» items
| Scroll of Regeneration | 1 | |
| Potion of Healing | 1 | |
2 total

»
BloodyVaJayJay (
orange | 52 APM | 1990 actions | 37:55)
4 Demon Hunter
2 Immolation
2 Mana Burn
3 Priestess of the Moon
2 Searing Arrows
1 Trueshot Aura
2 Mountain King
1 Storm Bolt
1 Bash
» actions
| Assign group hotkey | 43 | |
| Basic commands | 94 | |
| Build / train | 92 | |
| Enter build submenu | 31 | |
| Enter hero's abilities submenu | 8 | |
| Remove unit from queue | 2 | |
| Right click | 449 | |
| Select / deselect | 483 | |
| Select group hotkey | 674 | |
| Use ability | 114 | |
1990 total
» units
| Wisp | 27 | |
| Archer | 7 | |
| Goblin Shredder | 1 | |
| Druid of the Claw | 22 | |
| Dryad | 13 | |
70 total
» upgrades
| Druid of the Claw Training | 2 | |
| Abolish Magic | 1 | |
| Strength of the Moon | 2 | |
| Strength of the Wild | 3 | |
| Mark of the Claw | 1 | |
9 total
» buildings
| Moon Well | 8 | |
| Ancient of War | 1 | |
| Altar of Elders | 2 | |
| Tree of Ages | 1 | |
| Hunter's Hall | 1 | |
| Tree of Life | 4 | |
| Ancient of Lore | 3 | |
| Tree of Eternity | 1 | |
| Ancient Protector | 11 | |
32 total
» build order
00:21 Moon Well
00:35 Ancient of War
01:13 Altar of Elders
01:31 Moon Well
02:26 Moon Well
03:25 Tree of Ages
04:20 Hunter's Hall
04:53 Tree of Life
05:28 Moon Well
06:12 Ancient of Lore
06:17 Ancient of Lore
06:32 Ancient of Lore
07:26 Moon Well
08:48 Tree of Eternity
09:56 Moon Well
11:08 Moon Well
15:34 Ancient Protector
17:11 Tree of Life
17:39 Ancient Protector
19:33 Ancient Protector
26:48 Moon Well
33:54 Tree of Life
34:43 Ancient Protector
34:47 Ancient Protector
35:23 Tree of Life
35:29 Ancient Protector
35:42 Ancient Protector
35:44 Ancient Protector
36:34 Ancient Protector
36:48 Ancient Protector
37:27 Ancient Protector
37:30 Altar of Elders
Chat log
(00:06 / All) Mr.Green: hey crab
(00:10 / All) Mr.Green: what clan you in nowadays?
(00:12 / Allies) Mr.Green: 100 g please
(00:13 / All) fuddermucker: hey baby
(00:16 / All) Smoking[CrAb]: hello
(00:18 / All) Smoking[CrAb]: do i know you?
(00:19 / Allies) Mr.Green: ty
(00:24 / All) Mr.Green: = Knowyourrole
(00:29 / Allies) SATANandGOD4EVR: hero
(00:30 / All) Smoking[CrAb]: oh
(00:52 / Allies) Mr.Green: dk lich crypt frosts stats
(00:53 / Allies) Mr.Green: GG
(00:59 / Allies) SATANandGOD4EVR: k
(01:13 / Allies) lucasbraos: knights xasters
(01:17 / All) Smoking[CrAb]: i think im imn clan sdg
(01:21 / Allies) Mr.Green: 100 wood and gold at night please
(01:23 / Allies) lucasbraos: casters
(01:27 / All) Mr.Green: dead clan?
(01:31 / All) SATANandGOD4EVR: lol
(01:33 / All) Smoking[CrAb]: its not dead lol
(01:39 / All) Mr.Green: kinda...
(01:43 / All) Smoking[CrAb]: no one talked in Net
(01:47 / All) Smoking[CrAb]: only reason i left
(01:49 / All) Mr.Green: its cause i was afk alot
(01:52 / All) Smoking[CrAb]: not even you!
(01:52 / All) Mr.Green: i might just go solo
(02:00 / All) Mr.Green: full time job and in school
(02:02 / All) Mr.Green: its hard to do
(02:06 / All) SATANandGOD4EVR: ohh
(02:07 / All) Smoking[CrAb]: for sure
(02:07 / All) Mr.Green: thats why i might go solo
(02:18 / All) Smoking[CrAb]: your a shaman now arnt you
(02:22 / All) Mr.Green: Chief
(02:26 / All) Mr.Green: abu stepped down
(02:28 / All) Smoking[CrAb]: what?
(02:41 / All) Smoking[CrAb]: there seemed to be a new chief every other day
(02:45 / All) pro-kid.of-wort: its a 10 yr old game
(02:50 / All) Mr.Green: nononon lol
(02:53 / All) Mr.Green: only abu and me
(02:55 / All) Mr.Green: nad yeah
(02:57 / All) pro-kid.of-wort: abu is a nigger hacker
(02:58 / All) Mr.Green: game is dead anyway
(02:59 / All) Smoking[CrAb]: did you have an aka?
(03:03 / Allies) SATANandGOD4EVR: going air
(03:05 / All) Mr.Green: no
(03:08 / All) Mr.Green: just roll
(03:18 / Allies) Mr.Green: yellow
(03:19 / Allies) Mr.Green: expo this
(03:22 / Allies) Mr.Green: 100 wood and gold pelase
(03:26 / Allies) Mr.Green: for tech
(03:29 / Allies) SATANandGOD4EVR: lol
(03:34 / Allies) SATANandGOD4EVR: u ask for too much
(03:41 / Allies) Mr.Green: im a pro with ud
(03:42 / Allies) Mr.Green: its fine though
(04:33 / Allies) Mr.Green: yellow
(04:36 / Allies) Mr.Green: this is all yours dude
(04:42 / Allies) Mr.Green: cleared it for ytou
(04:43 / All) SATANandGOD4EVR:
(06:22 / All) Mr.Green: D
(06:26 / Allies) Mr.Green: dragon riders already
(07:43 / Allies) SATANandGOD4EVR: lumber plz
(10:29 / Allies) Mr.Green: lol you dont quite cut it in the big leages
(10:40 / All) SATANandGOD4EVR: drop
(10:42 / All) SATANandGOD4EVR: now
(10:43 / All) fuddermucker: fuck me
(11:02 / All) SATANandGOD4EVR: pull ur pants down
(11:23 / All) SATANandGOD4EVR: fuck
(11:27 / All) SATANandGOD4EVR: slow as computers
(11:39 / Allies) Mr.Green: gold?
(11:53 / Allies) Mr.Green: gold please yellow
(12:10 / Allies) SATANandGOD4EVR: omw
(12:29 / Allies) Mr.Green: guess your just going to mass towers all day yello?
(12:43 / Allies) SATANandGOD4EVR: lol
(13:17 / All) fuddermucker: FOR GONDOR!
(13:34 / Allies) Mr.Green: out
(13:35 / Allies) Mr.Green: out
(13:35 / Allies) Mr.Green: out
(13:44 / Allies) Mr.Green: we need more melle
(13:45 / Allies) Mr.Green: bad
(13:55 / Allies) Mr.Green: golld please yellow?
(13:57 / Allies) Mr.Green: wtf
(14:38 / All) SATANandGOD4EVR: drop
(14:40 / All) SATANandGOD4EVR: faggte
(14:43 / Allies) Mr.Green: lol of course they hit the side he didnt tower
(14:45 / All) fuddermucker: suck my dick
(14:54 / All) SATANandGOD4EVR: fuck ur computer
(15:08 / All) Mr.Green: D
(15:08 / All) Mr.Green: D
(15:13 / All) Smoking[CrAb]: otherwise i wouldve disconnected
(15:18 / All) SATANandGOD4EVR: how do u know?
(15:19 / Allies) Mr.Green: welp
(15:21 / Allies) Mr.Green: were fucked
(15:22 / All) Smoking[CrAb]: ^^
(15:35 / All) Smoking[CrAb]: you got a mac?
(15:38 / Allies) Mr.Green: tower pink
(15:40 / All) Smoking[CrAb]: so its automatically an awesome comp?
(15:50 / All) fuddermucker: ill fuck your mom
(15:52 / All) hive01: lol macs have hilariously low specs for the price
(16:56 / All) Smoking[CrAb]: late game hunts and archers
(16:59 / All) Smoking[CrAb]: gg
(17:41 / Allies) Mr.Green: lol
(17:42 / Allies) Mr.Green: or gg
(17:45 / All) SATANandGOD4EVR: teal leave
(17:59 / All) Mr.Green: please
(18:13 / Allies) SATANandGOD4EVR: lets go
(18:23 / All) Mr.Green: LOL TY
(18:38 / Allies) SATANandGOD4EVR: gold plz
(19:07 / All) Mr.Green: what horrible units to mass blue wtf were you thinking
(19:44 / Allies) Mr.Green: attack!
(19:45 / Allies) SATANandGOD4EVR: web
(20:07 / Allies) Mr.Green: b
(20:07 / Allies) Mr.Green: b
(20:07 / Allies) Mr.Green: b
(20:08 / Allies) Mr.Green: b
(20:16 / All) hive01: what was that dickweed?
(20:43 / All) Mr.Green: come at me
(20:48 / All) Smoking[CrAb]: i will
(20:51 / All) Mr.Green: lemme fuck you up real quick
(20:57 / All) Mr.Green: lol
(21:02 / All) Smoking[CrAb]: a nigga got stampede
(21:10 / All) Mr.Green: come at me
(21:18 / All) Smoking[CrAb]: gimme a sec
(21:26 / Allies) Mr.Green: wind riders green
(21:43 / Allies) SATANandGOD4EVR: go
(21:44 / Allies) Mr.Green: we loose we have no melle
(21:45 / Allies) SATANandGOD4EVR: red
(22:16 / All) hive01: rape rape rape
(22:30 / Allies) SATANandGOD4EVR: wow red pro?
(22:30 / All) Mr.Green: you taking our melle out was game
(22:35 / Allies) SATANandGOD4EVR: fuck no
(22:49 / All) Mr.Green: plus yellow massed towers
(23:02 / All) Smoking[CrAb]: this bear that can blink is ridiculous
(23:47 / All) Smoking[CrAb]: lol
(24:38 / All) hive01: this game was comically easy
(24:55 / All) Smoking[CrAb]: holy shit i did not see yellow
(25:26 / All) Mr.Green: what were you saying?
(25:35 / Allies) lucasbraos: gold for heros plz
(25:37 / All) hive01: what you think your gonna win?
(25:38 / All) hive01: lol
(25:48 / Allies) Mr.Green: someone get green
(25:51 / Allies) Mr.Green: and start getting melle
(27:03 / Allies) lucasbraos: gime some gold yellow plz
(27:11 / Allies) lucasbraos: u have lots
(27:34 / All) Smoking[CrAb]: chims is not going to cut it
(27:45 / All) pro-kid.of-wort: shut up nigger
(27:53 / All) Smoking[CrAb]: dammm
(27:57 / Allies) Mr.Green: LOL
(28:11 / All) Mr.Green: LOL you got told thats the first word al game
(29:46 / Allies) Mr.Green: tp if they hit
(29:51 / Allies) lucasbraos: 400 gold plz
(30:05 / Allies) Mr.Green: TP?
(30:17 / Allies) Mr.Green: oh fuck ti
(30:24 / Allies) lucasbraos: yellow plays alone
(30:29 / Allies) Mr.Green: its chill
(30:34 / Allies) Mr.Green: ima go take out there expos
(31:17 / Allies) Mr.Green: tp to here though
(31:39 / Allies) lucasbraos: ty
(31:44 / Allies) Mr.Green: oh hell yeah
(31:47 / Allies) Mr.Green: yellow has chims
(31:52 / Allies) Mr.Green: you need some hipps though yellow
(32:33 / Allies) lucasbraos: alone
(33:14 / Allies) lucasbraos: ill heal bm
(33:25 / Allies) Mr.Green: push
(33:31 / Allies) Mr.Green: im controlling green
(34:10 / All) Smoking[CrAb]: went afk
(34:11 / Allies) lucasbraos: stom
(35:15 / Allies) Mr.Green: heal yellow
(35:40 / All) Mr.Green: GG
(35:42 / Allies) pro-kid.of-wort: kodo #1
(35:45 / All) Mr.Green: as i was saying
(35:46 / Allies) Mr.Green: LOL
(35:49 / Allies) Mr.Green: thats you kodo?
(35:52 / Allies) Mr.Green: funny shit
(36:21 / Allies) lucasbraos: nice job guys]
(36:38 / Allies) Mr.Green: teal is afk
(36:40 / Allies) Mr.Green: with 5k gold lmao
(36:46 / Allies) pro-kid.of-wort: teal?
(36:52 / Allies) Mr.Green: yueah
(36:55 / Allies) pro-kid.of-wort: he left
(37:23 / Allies) Mr.Green: makes sense